 Dungeon Crawl Stone Soup version 0.28.0 (webtiles) character file.

Game seed: 180331216576273684

117516 Chicka the Tortoise (level 16, -1/152 HPs)
             Began as a Minotaur Fighter on Feb 21, 2022.
             Was a High Priest of Trog.
             Killed from afar by an eleionoma (24 damage)
             ... with a spray of wooden splinters
             ... on level 2 of the Swamp on Feb 26, 2022.
             The game lasted 08:40:06 (26881 turns).

Chicka the Tortoise (Minotaur Fighter)             Turns: 26881, Time: 08:40:06

Health: -1/152     AC: 22    Str: 22    XL:     16   Next: 23%
Magic:  15/15      EV:  8    Int:  5    God:    Trog [*****.]
Gold:   1485       SH: 23    Dex: 19    Spells: 15/15 levels left

rFire   . . .      SeeInvis .   v - +8 mithril axe "Arga" {speed, Will+}
rCold   . . .      Faith    .   M - +3 tower shield
rNeg    . . .      Spirit   .   e - quicksilver dragon scales of Trial and Error {rPois Will+}
rPois   +          Reflect  .   (helmet restricted)
rElec   .          Harm     .   S - scarf {repulsion}
rCorr   .          Rampage  +   C - +1 pair of gloves {hurl}
Will    +++++                   D - +2 pair of boots {rampage}
Stlth   +.........              s - amulet of regeneration
HPRegen 2.15/turn               A - ring of willpower
MPRegen 0.14/turn               P - +6 ring of dexterity

@: strong-willed, regenerating, slowed, repel missiles, very slow
A: horns 2, retaliatory headbutt, clumsy 2
a: Renounce Religion, Berserk, Trog's Hand, Brothers in Arms


You were on level 2 of the Swamp.
You worshipped Trog.
Trog was extremely pleased with you.
You visited 4 branches of the dungeon, and saw 25 of its levels.
You also visited: Sewer and Gauntlet.

You collected 2221 gold pieces.
You spent 736 gold pieces at shops.

Inventory:

Hand Weapons
 o - the +4 war axe of Cocytus {vorpal, rElec rPois rF++ Int-2}
   (You found it in a Gauntlet)

   It inflicts extra damage upon your enemies.
   Int:       It affects your intelligence (-2).
   rF:        It greatly protects you from fire.
   rElec:     It insulates you from electricity.
   rPois:     It protects you from poison.
 p - a +9 fustibalus of freezing
 q - the +5 hand axe of the Tooth {vorpal, *Corrode Fly rPois}
   (Trog gifted it to you on level 12 of the Dungeon)

   It inflicts extra damage upon your enemies.
   rPois:     It protects you from poison.
   Fly:       It grants you flight.
   *Corrode:  It may corrode you when you take damage.
 u - a +2 whip of freezing
 v - the +8 mithril axe "Arga" (weapon) {speed, Will+}
   (You acquired it on level 2 of the Lair of Beasts)

   Attacks with this weapon are significantly faster.
   Will:      It increases your willpower.
 x - a +0 giant spiked club
 B - the +10 halberd of Death's Door {elec, Dex+3 SInv}
   (You found it on level 1 of the Lair of Beasts)

   It occasionally discharges a powerful burst of electricity upon striking a
   foe.
   Dex:       It affects your dexterity (+3).
   SInv:      It lets you see invisible.
Missiles
 c - 6 silver javelins
 h - 14 boomerangs
 i - 777 stones (quivered)
 j - 9 javelins
 l - 166 sling bullets
 z - a silver boomerang
Armour
 e - the quicksilver dragon scales of Trial and Error (worn) {rPois Will+}
   (You took it off a minotaur in a Gauntlet)

   rPois:     It protects you from poison.
   Will:      It increases your willpower.
 t - a +1 kite shield of cold resistance
 C - a +1 pair of gloves of hurling (worn)
 D - a +2 pair of boots of rampaging (worn)
 M - a +3 tower shield (worn)
 S - a scarf of repulsion (worn)
 U - a scarf of resistance
 X - a +0 plate armour of cold resistance
 Z - +0 acid dragon scales
Jewellery
 s - an amulet of regeneration (around neck)
 A - a ring of willpower (left hand)
 P - a +6 ring of dexterity (right hand)
 Q - a ring of poison resistance
 Y - a ring of magical power
Wands
 E - a wand of flame (26)
 F - a wand of digging (17)
 K - a wand of acid (42)
 L - a wand of polymorph (6)
 O - a wand of charming (10)
 W - a wand of iceblast (7)
Scrolls
 g - a scroll of identify
 k - 2 scrolls of silence
 m - 10 scrolls of teleportation
 w - 3 scrolls of holy word
 y - 7 scrolls of fog
 G - a scroll of summoning
 H - 2 scrolls of fear
 J - 3 scrolls of magic mapping
 R - 3 scrolls of blinking
Potions
 b - a potion of heal wounds
 d - 3 potions of might
 f - a potion of resistance
 n - 3 potions of cancellation
 r - a potion of invisibility
 I - a potion of curing
 T - a potion of haste
 V - 2 potions of flight
Miscellaneous
 a - a phial of floods
 N - a lightning rod (4/4)


   Skills:
 + Level 16.4 Fighting
 + Level 16.3 Axes
 + Level 14.0(14.3) Slings
 - Level 4.2(9.4) Throwing
 + Level 16.5 Armour
 + Level 15.5 Shields


You had 15 spell levels left.
You didn't know any spells.
Your spell library was empty.

Dungeon Overview and Level Annotations

Branches:
Dungeon (15/15)            Temple (0/1) D:5            Lair (6/6) D:8
  Swamp (2/4) Lair:3        Snake (0/4) Lair:4        Slime (0/5) Lair:5
    Orc (2/2) D:12            Elf (0/3) Orc:2        Vaults (0/5) D:14
 Depths (0/4) D:15          Sewer (visited)         Gauntlet (visited)

Altars:
Elyvilon
Gozag
Qazlal
Trog
Uskayaw
Yredelemnul
Beogh

Shops:
D:3 ?   D:6 (   D:9 !   D:10 [   Orc:2 *([*?

Annotations:
D:5 3 runed translucent doors, Pashador's ghost, weakling KoDe
Orc:1 2 transporters


Innate Abilities, Weirdness & Mutations

You have a pair of horns on your head.
You reflexively headbutt those who attack you in melee.
You are very clumsy. (Dex -4)


Message History

You feel very sick.
The eleionoma is engulfed in noxious fumes.
The eleionoma touches a tree and draws upon its vitality.
The eleionoma is healed.
The alligator is engulfed in noxious fumes.
The alligator bites something!
The alligator tail-slaps something but does no damage.
The tyrant leech is engulfed in noxious fumes.
The tyrant leech closely misses the eleionoma.
The tyrant leech barely misses itself.
The eleionoma is engulfed in noxious fumes.
The eleionoma hurls a spray of splinters at you.
The spray of wooden splinters hits you!!
* * * LOW HITPOINT WARNING * * *
The alligator is engulfed in noxious fumes.
The alligator bites something!
The alligator tail-slaps something.
You feel sick.
The alligator closely misses the alligator.
The alligator tail-slaps the alligator!
You feel sick.
The swamp drake roars!
The alligator closely misses the spriggan druid.
The alligator completely misses the spriggan druid.
You enter the shallow water.
Moving in this stuff is going to be slow.
You feel very sick.
You are no longer poisoned.
The eleionoma flows through the trees.
You block the eleionoma's attack. The eleionoma barely misses you.
The eleionoma hurls a spray of splinters at you.
The spray of wooden splinters hits you!!
* * * LOW HITPOINT WARNING * * *
You block the alligator's attack. The alligator closely misses you.
You block the alligator's attack. x2
You enter the shallow water.
Moving in this stuff is going to be slow.
You block the alligator's attack. x2
The eleionoma hurls a spray of splinters at you.
The spray of wooden splinters hits you!!
You die...

.....°..♣♣♣♣.§?.≈
♣♣♣♣♣♣.♣§...≈≈≈.≈
♣♣♣...≈≈≈...
♣♣k≈≈≈.≈♣. ♣.≈≈..♣♣
♣i.≈..♣♣♣♣ ♣♣Rw≈..≈≈..
♣♣♣♣♣♣.≈≈≈.§§≈≈.
♣♣..♣≈@t≈..≈≈≈≈≈.
♣♣.≈≈.§≈≈..≈≈≈≈≈..
♣♣.§≈§..[.♣♣♣...≈≈.
♣♣♣......§♣♣♣♣♣♣♣.≈≈≈
♣≈§≈≈≈.♣♣♣♣♣...♣ ♣.≈≈
♣♣.≈≈≈≈♣♣♣♣≈.≈♣♣ ♣≈≈
♣♣♣.§≈....♣♣♣..♣♣ .
♣♣♣♣♣♣≈≈≈......≈.....♣
♣≈....≈≈≈..≈.≈≈≈..§§.♣


You could see an eleionoma, an alligator, a tyrant leech and a spriggan druid.

Vanquished Creatures
  A tentacled monstrosity (Swamp:1)
  Frances (D:14)
  Gastronok (D:11)
  Kirke (D:15)
  Nessos (D:15)
  A minotaur (Gauntlet)
  4 eleionomae (Swamp:1)
  A dire elephant (Lair:6)
  8 boulder beetles
  9 hydras
  A spriggan air mage (Swamp:2)
  2 ogre magi (Orc:2)
  A vault guard (D:14)
  4 catoblepae
  4 centaur warriors
  11 two-headed ogres
  2 alligators (Swamp:1)
  2 tengu warriors
  A death knight (D:11)
  A deep troll shaman (Lair:6)
  A vampire mage (D:15)
  An orc high priest (Orc:1)
  13 death yaks
  Urug (D:11)
  A fire crab (Lair:6)
  2 skeletal warriors
  2 deep trolls (Orc:1)
  2 spriggan druids (Swamp:1)
  3 bog bodies
  A goliath frog (Swamp:1)
  Pikel (D:9)
  An obsidian statue (D:12)
  2 orc knights
  A phantasmal warrior (D:11)
  A lindwurm (shapeshifter) (D:14)
  3 deep elf pyromancers
  2 sphinx skeletons (D:15)
  A necromancer (D:15)
  7 ugly things
  3 manticores
  4 oklob plants (Lair:5)
  3 cyclopes
  An orc sorcerer (Orc:1)
  11 elephants
  A torpor snail (Lair:3)
  A black mamba (Lair:6)
  3 efreet
  11 cane toads
  An unseen horror (D:12)
  A spriggan zombie (D:15)
  Psyche (D:9)
  9 komodo dragons
  A freezing wraith (D:11)
  3 rime drakes
  A tengu conjurer (D:13)
  A guardian mummy (D:15)
  A bloated husk (Swamp:2)
  3 polar bears
  A queen bee (D:11)
  10 trolls
  A wolf spider simulacrum (D:15)
  4 tyrant leeches
  A blink frog (shapeshifter) (D:14)
  7 hornets (Swamp:1)
  4 dream sheep (Lair:6)
  15 slime creatures
  Prince Ribbit (D:9)
  5 blink frogs (Lair:6)
  9 flying skulls (Gauntlet)
  9 spriggans (Swamp:1)
  3 wraiths
  2 shadows
  3 fire elementals (Gauntlet)
  A wyvern (Lair:3)
  10 humans (D:14)
  57 yaks
  A hog (D:15)
  4 basilisks
  10 vampire mosquitoes
  An acid dragon (D:10)
  3 nagas (Lair:4)
  3 swamp worms (Swamp:1)
  A human zombie (D:15)
  7 wargs
  20 water moccasins
  2 hell hounds (Gauntlet)
  17 orc warriors
  5 black bears
  3 ice beasts
  22 ogres
  2 sky beasts
  13 wolves
  8 centaurs
  2 kobold brigands
  15 bullfrogs
  3 scorpions
  2 two-headed ogre simulacra (D:11)
  A wyvern skeleton (D:7)
  40 killer bees
  7 howler monkeys
  3 electric eels
  A bullfrog zombie (D:6)
  4 jellies (Lair:5)
  13 orc priests
  3 centaur zombies
  2 iguanas
  15 orc wizards
  A troll simulacrum (D:11)
  A killer bee zombie (D:8)
  A hound skeleton (D:5)
  2 howler monkey zombies
  4 gnolls (D:6)
  A naga simulacrum (D:11)
  5 river rats
  13 adders
  An ufetubus (D:5)
  4 worms
  57 orcs
  9 ball pythons
  6 bats
  8 endoplasms
  3 giant cockroaches
  6 goblins
  5 hobgoblins
  3 jackals (Sewer)
  5 quokkas
  6 frilled lizards
  9 kobolds
  7 rats
  A spectral kobold (D:1)
697 creatures vanquished.

Vanquished Creatures (others)
  A vault guard (D:14)
  A human (D:15)
  A swamp drake (Swamp:2)
  A centaur zombie (D:6)
  An orc (Orc:2)
  20 demonic plants (Gauntlet)
  20 fungi
  48 plants
  12 withered plants (D:15)
105 creatures vanquished.

Grand Total: 802 creatures vanquished

Notes
Turn   | Place    | Note
-------+----------+-------------------------------------------
     0 | D:1      | Chicka the Minotaur Fighter began the quest for the Orb.
     0 | D:1      | Reached XP level 1. HP: 19/19 MP: 0/0
   369 | D:1      | Reached XP level 2. HP: 27/27 MP: 1/1
   639 | D:1      | Found a faded altar of an unknown god.
   799 | D:2      | Reached XP level 3. HP: 26/33 MP: 2/2
   912 | D:2      | Reached skill level 1 in Slings
  1492 | D:3      | Found a stormy altar of Qazlal.
  1513 | D:3      | Reached XP level 4. HP: 40/40 MP: 3/3
  1569 | D:3      | Noticed an ogre
  1690 | D:3      | Found a bloodstained altar of Trog.
  1693 | D:3      | Found a white marble altar of Elyvilon.
  1696 | D:3      | Found a hide-covered altar of Uskayaw.
  1709 | D:3      | Became a worshipper of Trog the Wrathful
  1819 | D:3      | Reached skill level 1 in Throwing
  1835 | D:3      | Reached XP level 5. HP: 17/47 MP: 4/4
  1864 | D:3      | Found Yrish's Magic Scroll Shop.
  2111 | D:3      | Found a glowing drain.
  2115 | Sewer    | Entered a sewer
  2166 | Sewer    | Reached * piety under Trog
  2277 | Sewer    | Reached skill level 5 in Fighting
  2277 | Sewer    | Reached skill level 5 in Armour
  2277 | Sewer    | Reached XP level 6. HP: 48/56 MP: 5/5
  2400 | Sewer    | Reached skill level 5 in Shields
  2781 | D:3      | You fall into a shaft and drop 1 floor!
  3058 | D:3      | Bought a scroll of identify for 26 gold pieces
  3058 | D:3      | Bought a scroll of identify for 26 gold pieces
  3058 | D:3      | Bought a scroll of identify for 26 gold pieces
  3058 | D:3      | Bought a scroll of identify for 26 gold pieces
  3207 | D:4      | Found an opulent altar of Gozag.
  3210 | D:4      | Found a basalt altar of Yredelemnul.
  3315 | D:4      | Reached XP level 7. HP: 53/61 MP: 6/6
  3355 | D:4      | Identified the +2 robe "Vaos" {Int+5}
  3663 | D:5      | Entered Level 5 of the Dungeon
  3730 | D:5      | Identified the +1 ring mail "Iwna" {+Blink Int+2}
  3963 | D:5      | Reached skill level 5 in Axes
  3995 | D:5      | Found a staircase to the Ecumenical Temple.
  4009 | D:5      | Reached ** piety under Trog
  4206 | D:5      | Found a runed translucent gate.
  4206 | D:5      | Found a runed translucent gate.
  4208 | D:5      | Found a runed translucent gate.
  4211 | D:5      | Noticed Pashador's ghost (weakling KoDe)
  4742 | D:6      | Found Neodin's Antique Weapon Shoppe.
  4752 | D:6      | Bought a runed hunting sling for 76 gold pieces
  4934 | D:6      | Reached XP level 8. HP: 69/70 MP: 7/7
  5464 | D:6      | Gained mutation: You sometimes lose the ability to read
                  | scrolls when taking damage. [potion of mutation]
  5464 | D:6      | Gained mutation: You passively map a small area around you.
                  | [potion of mutation]
  5464 | D:6      | Gained mutation: You are clumsy. (Dex -2) [potion of
                  | mutation]
  5464 | D:6      | Gained mutation: You have a pair of large horns on your
                  | head. [potion of mutation]
  5756 | D:7      | Reached XP level 9. HP: 79/79 MP: 8/8
  5784 | D:6      | Reached *** piety under Trog
  6501 | D:8      | Found a staircase to the Lair.
  6777 | D:8      | Reached **** piety under Trog
  7117 | D:9      | Noticed Psyche
  7132 | D:9      | Killed Psyche
  7133 | D:9      | Reached XP level 10. HP: 90/90 MP: 3/9
  7200 | D:9      | Reached skill level 5 in Slings
  7291 | D:9      | Found Kynlaof's Distillery.
  7327 | D:9      | Bought a potion of curing for 51 gold pieces
  7345 | D:9      | Noticed Pikel
  7367 | D:9      | Killed Pikel
  7706 | D:9      | Noticed Prince Ribbit
  7712 | D:9      | Killed Prince Ribbit
  7785 | D:9      | Noticed a manticore
  7817 | D:9      | Killed a manticore
  7932 | D:10     | Entered Level 10 of the Dungeon
  8499 | D:10     | Found Jequ's Specialty Armours.
  9093 | D:11     | Noticed a brown ugly thing
  9107 | D:11     | Noticed Urug
  9107 | D:11     | Noticed Gastronok
  9119 | D:10     | Reached XP level 11. HP: 51/99 MP: 10/10
  9120 | D:10     | Reached skill level 10 in Armour
  9224 | D:10     | Reached skill level 10 in Shields
  9296 | D:11     | Reached skill level 10 in Fighting
  9384 | Lair:1   | Entered Level 1 of the Lair of Beasts
  9492 | Lair:1   | You fall into a shaft and drop 1 floor!
  9709 | Lair:1   | Reached skill level 10 in Axes
  9941 | Lair:1   | Identified the +10 halberd of Death's Door {elec, Dex+3
                  | SInv}
 10491 | Lair:2   | Noticed an eight-headed hydra
 10503 | Lair:2   | Killed an eight-headed hydra
 10570 | Lair:2   | Noticed a boulder beetle
 10585 | Lair:2   | Killed a boulder beetle
 10876 | Lair:2   | Identified 2 scrolls of acquirement
 10877 | Lair:2   | Acquired the +8 mithril axe "Arga" {speed, Will+}
 10877 | Lair:2   | Found the +8 mithril axe "Arga" {speed, Will+}
 10878 | Lair:2   | Acquired a +2 fustibalus of freezing
 11033 | Lair:3   | Found a staircase to the Swamp.
 11033 | Lair:3   | Noticed a bog body
 11034 | Lair:3   | Noticed a bog body
 11052 | Lair:2   | Killed a bog body
 11075 | Lair:3   | Killed a bog body
 11116 | Lair:3   | Noticed a death yak
 11129 | Lair:3   | Killed a death yak
 11130 | Lair:3   | Reached XP level 12. HP: 64/110 MP: 11/11
 11304 | Lair:3   | Reached ***** piety under Trog
 11693 | Lair:3   | Noticed a catoblepas
 11705 | Lair:3   | Killed a catoblepas
 12705 | Lair:4   | Found a staircase to the Snake Pit.
 12777 | Lair:4   | Noticed a six-headed hydra
 12781 | Lair:4   | Killed a six-headed hydra
 12877 | Lair:4   | Noticed a seven-headed hydra
 12893 | Lair:4   | Killed a seven-headed hydra
 12930 | Lair:4   | Identified the +2 robe "Ecronefi" {+Blink}
 13216 | Lair:5   | Found a staircase to the Slime Pits.
 13228 | Lair:5   | Noticed a seven-headed hydra
 13244 | Lair:5   | Killed a seven-headed hydra
 13326 | Lair:5   | Identified the +1 robe of Painted Lucidity {Will++ Int+3}
 13372 | Lair:5   | Found a gate leading to a gauntlet.
 13381 | Gauntlet | Entered a Gauntlet
 13381 | Gauntlet | Found a transporter.
 13381 | Gauntlet | Found a transporter.
 13381 | Gauntlet | Found a transporter.
 13381 | Gauntlet | Found a transporter.
 13387 | Gauntlet | Found a transporter.
 13396 | Gauntlet | Found a transporter.
 13398 | Gauntlet | Found a transporter.
 13418 | Gauntlet | Found a transporter.
 13422 | Gauntlet | Found a transporter.
 13494 | Gauntlet | Found a transporter.
 13508 | Gauntlet | Found a transporter.
 13519 | Gauntlet | Found a transporter.
 13684 | Gauntlet | Reached skill level 10 in Slings
 13761 | Gauntlet | Received a gift from Trog
 13782 | Gauntlet | HP: 2/113 [fire elemental (8)]
 13785 | Gauntlet | Reached XP level 13. HP: 4/119 MP: 12/12
 13912 | Gauntlet | Identified the quicksilver dragon scales of Trial and Error
                  | {rPois Will+}
 13912 | Gauntlet | Noticed a minotaur
 13925 | Gauntlet | Killed a minotaur
 14025 | Gauntlet | Identified the +1 hat of Oily Lucidity {+Inv}
 14033 | Gauntlet | Identified the +4 war axe of Cocytus {vorpal, rElec rPois
                  | rF++ Int-2}
 15430 | Lair:6   | Entered Level 6 of the Lair of Beasts
 16537 | Lair:6   | Reached XP level 14. HP: 91/130 MP: 13/13
 16711 | Lair:6   | HP: 1/130 [death yak (7)]
 17317 | Lair:6   | Received a gift from Trog
 18064 | D:11     | Killed Urug
 18753 | D:11     | Killed Gastronok
 19389 | D:12     | Found a staircase to the Orcish Mines.
 19760 | D:12     | Identified the +5 hand axe of the Tooth {vorpal, *Corrode
                  | Fly rPois} (Trog gifted it to you on level 12 of the
                  | Dungeon)
 19760 | D:12     | Received a gift from Trog
 20569 | D:13     | Reached skill level 15 in Armour
 21009 | D:13     | Reached skill level 15 in Fighting
 21329 | D:14     | Noticed Frances
 21346 | D:14     | Killed Frances
 21347 | D:14     | Reached XP level 15. HP: 55/133 MP: 14/14
 21562 | D:14     | Reached skill level 15 in Axes
 22019 | D:14     | Found a gate to the Vaults.
 22057 | D:14     | Identified the +6 glaive "Aubergine" {vorpal, rPois Str+3
                  | Int-3 Dex+2}
 22242 | Lair:1   | Lost mutation: You sometimes lose the ability to read
                  | scrolls when taking damage. [potion of mutation]
 22242 | Lair:1   | Lost mutation: You passively map a small area around you.
                  | [potion of mutation]
 22242 | Lair:1   | Lost mutation: You have a pair of large horns on your head.
                  | [potion of mutation]
 22242 | Lair:1   | Gained mutation: You are very clumsy. (Dex -4) [potion of
                  | mutation]
 22406 | D:15     | Entered Level 15 of the Dungeon
 22547 | D:15     | Found a staircase to the Depths.
 22644 | D:15     | Noticed Kirke
 22654 | D:15     | Killed Kirke
 23084 | D:15     | Noticed Nessos
 23126 | D:15     | Killed Nessos
 23494 | Orc:1    | Entered Level 1 of the Orcish Mines
 24033 | Orc:1    | Found a bloodstained altar of Trog.
 24033 | Orc:1    | Found the +8 Wrath of Trog {antimagic, *Rage Rampage}
 24140 | Orc:2    | Entered Level 2 of the Orcish Mines
 24400 | Orc:1    | Received a gift from Trog
 24648 | Orc:1    | Reached skill level 15 in Shields
 24939 | Orc:2    | Found Dipeimo's General Store.
 24988 | Orc:2    | Found Vuipn's Armour Boutique.
 25076 | Orc:2    | Found Tufitez's General Store.
 25088 | Orc:2    | Found Nyosch's Antique Weapon Shop.
 25126 | Orc:2    | Found a staircase to the Elven Halls.
 25359 | Orc:2    | Found Lyroahoi's Magic Scroll Boutique.
 25607 | Orc:1    | Found a transporter.
 25621 | Orc:1    | Found a transporter.
 25667 | Orc:2    | Bought a +1 pair of gloves of hurling for 181 gold pieces
 25685 | Orc:2    | Bought a scroll of teleportation for 45 gold pieces
 25685 | Orc:2    | Bought a potion of curing for 45 gold pieces
 25685 | Orc:2    | Bought a scroll of teleportation for 45 gold pieces
 25685 | Orc:2    | Bought a potion of haste for 150 gold pieces
 25703 | Orc:2    | Bought a scroll of teleportation for 39 gold pieces
 25925 | Swamp:1  | Entered Level 1 of the Swamp
 26014 | Swamp:1  | Reached XP level 16. HP: 100/151 MP: 15/15
 26199 | Swamp:1  | Noticed a tentacled monstrosity
 26208 | Swamp:1  | Killed a tentacled monstrosity
 26399 | Swamp:1  | Received a gift from Trog
 26881 | Swamp:2  | Killed from afar by an eleionoma

Illustrated notes

Levels and vault maps discovered:
D:1:      lemuel_arrival_broad_hall, layout_loops_cross,
          dreamdust_ecumenical_altar_drowned_temple
D:2:      layout_loops_cross, grunt_decor_one_mirror
D:3:      layout_loops_ring, nicolae_overflow_crystal_walls,
          grunt_temple_overflow_open, serial_shops, shop,
          lightli_sewer_entry_pipes
D:4:      layout_basic, chequers_temple_overflow_statue_of_worship,
          chequers_decorated_corner
D:5:      layout_loops_ring, minmay_temple_entry_large_hall,
          gammafunk_ghost_necromancy
D:6:      layout_basic, serial_shops, nicolae_shop_advertising_works
          [nicolae_subvault_shop_adworks]
D:7:      layout_basic, hangedman_decor_growths, kennysheep_generic_room_12
D:8:      layout_basic, erik_lair_orcish_takeover, minmay_diced_spiral
D:9:      layout_loops_ring, serial_shops, shop_statue, due_unseen_surprise,
          uniq_psyche, uniq_prince_ribbit1, uniq_pikel
D:10:     layout_long_grid, nicolae_barding_shop
D:11:     layout_loops_ring, special_room [special_room_bee],
          portal_ice_cave_entry_ice_simulacra, uniq_gastronok, uniq_urug
D:12:     layout_cave_pools, david_orc_3, hangedman_decor_points,
          minmay_statue_bubble
D:13:     layout_irregular_city, chequers_serial_rivers_small_a
D:14:     layout_cave_pools, ximxim_vaults_locker_room, hangedman_decor_push,
          uniq_frances
D:15:     gammafunk_depths_entry_grave, layout_loops_ring,
          minmay_stone_trees_small, serial_glass, glass_columns_b,
          glass_columns_a, glass_columns_a, uniq_kirke, uniq_nessos
Lair:1:   layout_big_grid
Lair:2:   layout_roguey, grunt_megastairs_4, lemuel_fruit_tree
Lair:3:   layout_gridlike, skrybe_swamp_entry_bodies, serial_bayou_lagoon_a,
          serial_bayou_pond_b, infiniplex_staircase_pool_2
Lair:4:   layout_cellular_growth, minmay_snake_entry_guardpost_small
Lair:5:   minmay_lair_oklob_chamber, layout_cave_pods,
          nicolae_slime_entry_slimehenge, gauntlet_entry_generic
Lair:6:   grunt_lair_end_beastmaster, layout_misc_corridors,
          serial_bayou_shore_a, lemuel_fruit_fields, grunt_megastairs_5
Swamp:1:  layout_basic_swamp, evilmike_swamp_ruin_wall, swamp_pool3
Swamp:2:  layout_basic_swamp, gammafunk_ghost_berserking_beasts,
          evilmike_swamp_ruin_rubble_1
Orc:1:    emtedronai_trogs_sanctum, layout_diamond_mine, nicolae_orc_damp_corner
Orc:2:    st_orc_open, layout_caves, serial_shops, nicolae_shop_hallway_plus,
          basic_altar, lightli_orcish_oven

Skill      XL: |  1  2  3  4  5  6  7  8  9 10 11 12 13 14 15 16 |
---------------+-------------------------------------------------+-----
Fighting       | 4 5 6 7 8 9 11 12 13 15 16 | 16.4
Armour         | 4 5 6 7 8 9 11 12 13 15 16 | 16.5
Shields        | 4 5 6 7 8 9 10 11 12 14 15 | 15.5
Axes           | 3 4 5 6 8 9 11 12 13 14 16 | 16.3
Slings         | 1 2 4 6 8 10 11 12 13 14 | 14.0
Throwing       | 1 2 3 4 |  4.2

Action                   |  1- 3 |  4- 6 |  7- 9 | 10-12 | 13-15 | 16-18 || total
-------------------------+-------+-------+-------+-------+-------+-------++-------
Melee: War axe           |    82 |   142 |   228 |       |     3 |       ||   455
       Headbutt          |     8 |    25 |    59 |   129 |   322 |    34 ||   577
       Hand axe          |       |       |    64 |   295 |   200 |       ||   559
       Spear             |       |       |     8 |    31 |       |       ||    39
       Broad axe         |       |       |       |   170 |   778 |   102 ||  1050
       Whip              |       |       |       |    13 |    57 |       ||    70
       Fustibalus        |       |       |       |       |     3 |       ||     3
 Fire: Hunting sling     |       |       |    24 |    70 |       |       ||    94
       Fustibalus        |       |       |       |    83 |   465 |    75 ||   623
Throw: Stone             |       |     7 |    18 |     4 |    51 |       ||    80
       Boomerang         |       |       |       |       |    20 |       ||    20
       Javelin           |       |       |       |       |     7 |       ||     7
Invok: Trog's Hand       |       |       |       |     6 |    13 |     2 ||    21
       Brothers in Arms  |       |       |       |       |     1 |       ||     1
Evoke: Wand              |       |       |       |       |     5 |       ||     5
  Use: Scroll            |       |       |     9 |    19 |     9 |       ||    37
       Potion            |       |       |     1 |    16 |     5 |       ||    22
 Stab: Petrified         |       |       |       |       |     3 |       ||     3
Armor: Scale mail        |    41 |    58 |       |       |    88 |       ||   187
       Ring mail         |       |       |   160 |    16 |       |       ||   176
       Plate armour      |       |       |       |   233 |   289 |       ||   522
       Acid dragon scale |       |       |       |       |     5 |       ||     5
       Quicksilver drago |       |       |       |       |    17 |    17 ||    34
Dodge: Dodged            |    32 |    57 |   117 |    52 |   133 |    12 ||   403
       Repelled          |       |       |       |       |     8 |     2 ||    10
Block: Buckler           |    14 |    33 |    20 |       |       |       ||    67
       Tower shield      |       |       |   293 |   528 |  1096 |    69 ||  1986
